 Dungeon Crawl Stone Soup version 0.22.0-49-gab54619674 (webtiles) character file.

103 aonetuhc the Skirmisher (level 4, 0/35 HPs)
             Began as a Demonspawn Fighter on Sept 8, 2018.
             Was an Initiate of Okawaru.
             Slain by Kaderl's ghost (8 damage)
             ... on level 3 of the Dungeon.
             The game lasted 00:06:55 (2248 turns).

aonetuhc the Skirmisher (Demonspawn Fighter)        Turns: 2248, Time: 00:06:56

Health: 0/35       AC:  6    Str: 18    XL:     4   Next: 51%
Magic:  4/4        EV:  7    Int:  9    God:    Okawaru [......]
Gold:   157        SH:  9    Dex: 12    Spells: 3/3 levels left

rFire    . . .     SeeInvis +   a - +0 long sword
rCold    . . .     Gourm    .   c - +0 shield
rNeg     . . .     Faith    .   b - +0 scale mail
rPois    .         Spirit   .   (no helmet)
rElec    .         Reflect  .   q - scarf {repulsion}
rCorr    .         Harm     .   (no gloves)
MR       .....                  (no boots)
Stlth    +.........             (no amulet)
HPRegen  0.11/turn              n - ring of see invisible
MPRegen  0.09/turn              l - ring of flight

@: repel missiles
A: nightstalker 1
a: Renounce Religion, Evoke Flight


You were on level 3 of the Dungeon.
You worshipped Okawaru.
Okawaru was noncommittal.
You were not hungry.

You visited 1 branch of the dungeon, and saw 3 of its levels.

You collected 157 gold pieces.

Inventory:

Hand Weapons
 a - a +0 long sword (weapon)
Armour
 b - a +0 scale mail (worn)
 c - a +0 shield (worn)
 q - a scarf of repulsion (worn)
Jewellery
 i - an uncursed ring of ice
 l - a ring of flight (right hand)
 n - a ring of see invisible (left hand)
Scrolls
 e - a scroll of magic mapping
 h - a scroll of identify
Potions
 d - a potion of might
 g - a potion of cancellation {unknown}
 j - 3 potions of degeneration
 k - a potion of curing {unknown}
 m - a potion of berserk rage {unknown}
 p - a potion of heal wounds {unknown}
 s - a potion of haste {unknown}
Comestibles
 f - 5 rations
 r - 12 chunks of flesh


   Skills:
 + Level 3.5 Fighting
 * Level 3.0 Long Blades
 + Level 3.3 Armour
 + Level 0.2 Dodging
 + Level 3.1 Shields


You had 3 spell levels left.
You didn't know any spells.
Your spell library was empty.

Dungeon Overview and Level Annotations

Branches:
Dungeon (3/15)

Altars:
Okawaru
Wu Jian

Annotations:
D:3 Kaderl's ghost, amateur HuSk


Innate Abilities, Weirdness & Mutations

You are slightly more attuned to the shadows.


Message History

Found a runed door.
Found 24 gold pieces.
You open the door. You hit the river rat.
The river rat is heavily wounded.
You block the river rat's attack.
The river rat bites you but does no damage.
You hit the river rat.
You kill the river rat!
Okawaru accepts your kill.
Your Long Blades skill increases to level 3!
You slash Kaderl's ghost!
Kaderl's ghost is moderately damaged.
Kaderl's ghost hits you.
You hit Kaderl's ghost but do no damage.
Kaderl's ghost is moderately damaged.
Kaderl's ghost hits you!
* * * LOW HITPOINT WARNING * * *
Kaderl's ghost hits you!
You die...

*,**,*,,,,,,,,,,,,,,* #.###.
**,**,,***********,*.###*#.##..
***,,***,,,* *,.....##.##.#
*,,*****#############...........#
*,,*≈≈≈≈≈≈≈≈≈#..................#
,,,+≈≈≈≈$≈≈≈≈'............##....#
.*,*≈≈≈≈≈≈≈≈≈#............#......
#*******#######W....>####.#...##.
### #.....@....# #.....### ..####
#...#..$...####..##....
.....######.#........##......###.
..##.....(#.##....$..#.....#.###.
.########...##................###
.## #####...#............(.#.##
..####.....#........#.......#..#
#...#..####...#...$##*.....###.#
#.....## #..#)....##**.....**#.#


You could see Kaderl's ghost.

Vanquished Creatures
  3 adders
  A river rat (D:3)
  3 worms
  3 leopard geckos
  An orc (D:3)
  A bat (D:3)
  9 goblins
  13 hobgoblins
  4 jackals
  4 kobolds
  2 ball pythons
  2 frilled lizards
  4 rats
50 creatures vanquished.

Notes
Turn   | Place    | Note
-------+----------+-------------------------------------------
     0 | D:1      | aonetuhc the Demonspawn Fighter began the quest for the
                  | Orb.
     0 | D:1      | Reached XP level 1. HP: 18/18 MP: 1/1
   314 | D:1      | Gained mutation: You are slightly more attuned to the
                  | shadows. [demonic ancestry]
   314 | D:1      | Reached XP level 2. HP: 16/24 MP: 2/2
   805 | D:2      | Found an iron altar of Okawaru.
   811 | D:2      | Became a worshipper of Warmaster Okawaru
   832 | D:2      | Found an ornate altar of the Wu Jian Council.
  1036 | D:2      | Reached XP level 3. HP: 25/29 MP: 3/3
  2023 | D:3      | Reached XP level 4. HP: 35/35 MP: 4/4
  2239 | D:3      | Found a runed door.
  2241 | D:3      | Noticed Kaderl's ghost (amateur HuSk)
  2248 | D:3      | Slain by Kaderl's ghost

Skill      XL: |  1  2  3  4 |
---------------+-------------+-----
Armour         | 3 |  3.3
Long Blades    | 2 3 |  3.0
Shields        | 3 |  3.1
Fighting       | |  3.5
Dodging        | |  0.2

Action                   |  1- 3 |  4- 6 || total
-------------------------+-------+-------++-------
Melee: Long sword        |   131 |    48 ||   179
  Use: Scroll            |       |     3 ||     3
  Eat: Chunk             |     4 |     1 ||     5
Armor: Scale mail        |    57 |    18 ||    75
Dodge: Dodged            |    44 |    13 ||    57
Block: Shield            |    75 |    19 ||    94
       Rpst.: Long sword |    18 |     2 ||    20
